 Dungeon Crawl Stone Soup version 0.28-a0-529-g3bad584f25 (webtiles) character file.

Game seed: 17982986950199413518

114 coconutsonar the Chiller (level 4, -2/35 HPs)
             Began as a Draconian Ice Elementalist on Sept 24, 2021.
             Slain by an orc (5 damage)
             ... on level 3 of the Dungeon.
             The game lasted 00:28:53 (2850 turns).

coconutsonar the Chiller (DrIE)                     Turns: 2850, Time: 00:28:54

Health: -2/35      AC:  5    Str: 12    XL:     4   Next: 67%
Magic:  8/8        EV: 12    Int: 15    God:
Gold:   106        SH:  0    Dex: 11    Spells: 5/9 levels left

rFire   . . .      SeeInvis .   g - +0 spear
rCold   . . .      Faith    .   (no shield)
rNeg    . . .      Spirit   .   (armour unavailable)
rPois   .          Reflect  .   (helmet restricted)
rElec   .          Harm     .   (no cloak)
rCorr   .          Rampage  .   (no gloves)
Will    .....                   (no boots)
Stlth   ++........              (no amulet)
HPRegen 0.11/turn               (no ring)
MPRegen 0.11/turn               (no ring)

@: no status effects
A: AC +5, unfitting armour, cold-blooded
a: no special abilities


You were on level 3 of the Dungeon.
You visited 1 branch of the dungeon, and saw 4 of its levels.

You collected 106 gold pieces.

Inventory:

Hand Weapons
 g - a +0 spear (weapon)
 i - a +0 whip
Missiles
 b - 18 bolts
 j - 26 arrows
 l - 5 poisoned darts
Armour
 n - a +0 kite shield
Wands
 m - a wand of polymorph (12)
Scrolls
 c - a scroll of blinking {unknown}
 d - 2 scrolls of amnesia {unknown}
 f - a scroll of fog {unknown}
 k - a scroll of immolation {unknown}
Potions
 a - 2 potions of haste {unknown}
 e - a potion of mutation {unknown}
 h - 2 potions of flight {unknown}


   Skills:
 * Level 1.1 Fighting
 - Level 0.2 Short Blades
 * Level 0.9 Polearms
 - Level 1.8 Dodging
 - Level 1.8 Stealth
 + Level 3.0 Spellcasting
 + Level 5.1 Ice Magic


You had 5 spell levels left.
You knew the following spells:

 Your Spells              Type           Power      Damage    Failure   Level
a - Freeze                Ice            68%        1d8       2%          1
b - Frozen Ramparts       Ice            34%        1d5       8%          3

Your spell library contained the following spells:

 Spells                   Type           Power      Damage    Failure   Level
 Ozocubu's Armour         Ice            17%        N/A       8%          3
 Hailstorm                Conj/Ice       9%         3d4       56%         4


Dungeon Overview and Level Annotations

Branches:
Dungeon (4/15)
 Temple: D:4-7

Altars:

Shops:
D:2 =


Innate Abilities, Weirdness & Mutations

Your plain brown scales are hard. (AC +5)
You cannot fit into any form of body armour.
You are cold-blooded and may be slowed by cold attacks.


Message History

Your Fighting skill increases to level 1!
Your Spellcasting skill increases to level 3!
Your Ice Magic skill increases to level 5!
You have reached level 4!
You feel stronger.
The frozen ramparts melt away as you move.
You see here a scorpion corpse.
You start resting.
HP restored.
You start resting.
Magic restored.
Found a rapier.
You see here a +0 rapier.
Found a plate armour.
You see here a +0 plate armour.
A rat comes into view.
You reach to attack!
The helpless rat fails to defend itself.
You hit the rat.
You kill the rat!
Found a stone staircase leading down.
There is a stone staircase leading down here.
You climb downwards.
The orc shouts!
The orc wizard shouts!
The orc priest shouts!
You hear a shout!
Found a scroll labelled UROROAXUEPH.
Found a stone staircase leading down.
There is a stone staircase leading up here.
The orc wizard hits you with a +0 dagger of electrocution.
You are electrocuted!!
Ouch! That really hurt!
The orc priest invokes the aid of Beogh against you.
Beogh smites you!
* * * LOW HITPOINT WARNING * * *
The orc completely misses you.
You climb upwards.
There is a stone staircase leading down here.
Drop what? 15/52 slots (_ for help) (? for menu, Esc to quit)
Okay, then.
You drop a scroll labelled QIPHIE HEM ZUCK.
The orc hits you with a +0 flail.
You die...

###.# #.
..#.######.
#.#.##.....
#####
#.#.##.###.
#...#####.#.##.#
##
#...........##.#
#...........†..#
##o#.####.######
#@#.# #.#
.......o#.# #.#
#########.# #.#
###.# #.# #...#
#.# #.### #.#
#.# ####.# #.#
#....# #.#
#.####


You could see an orc wizard and an orc.

Vanquished Creatures
  A scorpion (D:3)
  A gnoll (D:1)
  An adder (D:2)
  A dart slug (D:2)
  A ball python (D:2)
  6 endoplasms
  A giant cockroach (D:2)
  4 goblins
  4 hobgoblins (D:1)
  2 jackals (D:1)
  6 kobolds
  2 bats (D:1)
  4 frilled lizards (D:1)
  4 rats
38 creatures vanquished.

Notes
Turn   | Place    | Note
-------+----------+-------------------------------------------
     0 | D:1      | coconutsonar the Draconian Ice Elementalist began the quest
                  | for the Orb.
     0 | D:1      | Reached XP level 1. HP: 14/14 MP: 3/3
    45 | D:1      | Found a faded altar of an unknown god.
   481 | D:1      | Reached XP level 2. HP: 16/20 MP: 1/5
   846 | D:2      | Reached XP level 3. HP: 24/26 MP: 1/6
  1287 | D:1      | Learned a level 3 spell: Frozen Ramparts
  1386 | D:2      | Found Oxut's Jewellery Boutique.
  2715 | D:3      | Noticed a scorpion
  2721 | D:3      | Killed a scorpion
  2722 | D:3      | Reached skill level 1 in Fighting
  2722 | D:3      | Reached skill level 5 in Ice Magic
  2722 | D:3      | Reached XP level 4. HP: 32/35 MP: 0/8
  2850 | D:3      | Slain by an orc

Illustrated notes

Levels and vault maps discovered:
D:1:      onia_arrival_pyramid, layout_basic,
          hellmonk_ecumenical_altar_pennies_from_heaven, st_stairs_12,
          minmay_hedge_maze
D:2:      layout_basic, serial_shops, shop
D:3:      layout_loops_ring, chequers_temple_overflow_statue_of_worship,
          makhleb_altar_promises_db, tgw_xom, uniq_natasha, uniq_ijyb
D:4:      layout_loops_ring, grunt_temple_overflow_open,
          minmay_temple_entry_mist, eino_small_chamber_without_monster,
          uniq_pikel, uniq_eustachio

Skill      XL: |  1  2  3 |
---------------+----------+-----
Fighting       | 1 |  1.1
Spellcasting   | 3 |  3.0
Ice Magic      | 5 |  5.1
Short Blades   | |  0.2
Polearms       | |  0.9
Dodging        | |  1.8
Stealth        | |  1.8

Action                   |  1- 3 |  4- 6 || total
-------------------------+-------+-------++-------
Melee: Short sword       |     8 |       ||     8
       Spear             |    18 |     1 ||    19
Throw: Dart              |     1 |       ||     1
 Cast: Freeze            |    51 |       ||    51
       Frozen Ramparts   |     2 |       ||     2
 Stab: Sleeping          |     2 |     1 ||     3
Armor: Skin              |    15 |       ||    15
Dodge: Dodged            |    17 |     1 ||    18

Table legend: (Time is in decaauts)
 A = Elapsed time spent in this place.
 B = Non-inter-level travel time spent in this place.
 C = Inter-level travel time spent in this place.
 D = Time resting spent in this place.
 E = Time spent auto-exploring this place.
 F = Levels seen in this place.
 G = Mean time per level.
                   A        B        C        D        E       F      G
               +--------+--------+--------+--------+--------+-----+--------+
         Total |   2870 |   2870 |      0 |    734 |    223 |   4 |  717.5 |
       Dungeon |   2870 |   2870 |      0 |    734 |    223 |   4 |  717.5 |
               +--------+--------+--------+--------+--------+-----+--------+

Top non-repeatable levels by time:
     D:1: 1625 daAuts
     D:2: 1057 daAuts
     D:3: 186 daAuts
     D:4: 1 daAuts
